 Dungeon Crawl Stone Soup version 0.30-a0-996-ga6910c8ee8 (webtiles) character file.

Game seed: 16588095404998947893

507 Maxmaps the Trooper (level 6, 0/51 HPs)
             Began as a Demonspawn Monk on Apr 5, 2023.
             Slain by Grinder (4 damage)
             ... while paralysed by Grinder
             ... on level 5 of the Dungeon.
             The game lasted 00:06:26 (4018 turns).

Maxmaps the Trooper (Demonspawn Monk)               Turns: 4018, Time: 00:06:27

Health: 0/51       AC: 10    Str: 11    XL:     6   Next: 97%
Magic:  6/6        EV:  2    Int: 13    God:
Gold:   202        SH:  0    Dex: 16    Spells: 5/5 levels left

rFire   . . .      SeeInvis .      - Unarmed
rCold   . . .      Faith    .    n - +1 buckler
rNeg    . . .      Spirit   .    i - +0 scale mail
rPois   .          Reflect  .    (helmet restricted)
rElec   .          Rampage  .    (no cloak)
rCorr   .                        d - +0 pair of gloves
Will    .....                    m - +0 pair of boots
Stlth   +                        (no amulet)
HPRegen 0.28/turn                p - ring of wizardry
MPRegen 0.10/turn                (no ring)

@: paralysed
A: horns 1, molten scales 1, spiny 1
a: no special abilities


You were on level 5 of the Dungeon.
You visited 2 branches of the dungeon, and saw 6 of its levels.
You also visited: Sewer.

You collected 202 gold pieces.

Inventory:

Armour
 d - a +0 pair of gloves (worn)
 i - a +0 scale mail (worn)
 m - a +0 pair of boots (worn)
 n - a +1 buckler (worn)
Jewellery
 p - a ring of wizardry (left hand)
 t - an amulet of guardian spirit
Scrolls
 a - a scroll of fog {unknown}
 e - 2 scrolls of blinking
 f - 2 scrolls of enchant armour
 l - a scroll of butterflies
 q - a scroll of magic mapping {unknown}
 r - a scroll of identify
 s - a scroll of enchant weapon {unknown}
 u - a scroll of teleportation
Potions
 b - a potion of heal wounds
 c - a potion of attraction {unknown}
 g - a potion of lignification {unknown}
 h - a potion of flight {unknown}
 j - a potion of curing {unknown}
 k - a potion of cancellation {unknown}
 o - 2 potions of mutation {unknown}


   Skills:
 - Level 5.0 Fighting
 + Level 2.6 Armour
 - Level 2.6 Dodging
 - Level 1.7 Stealth
 - Level 4.1 Shields
 - Level 3.3 Unarmed Combat


You had 5 spell levels left.
You didn't know any spells.
Your spell library contained the following spells:

 Spells                   Type           Power      Damage    Failure   Level
 Blink                    Tloc           0%         N/A       77%         2
 Summon Guardian Golem    Hex/Summ       0%         N/A       93%         3
 Manifold Assault         Tloc           0%         N/A       100%        4
 Freezing Cloud           Conj/Ice/Air   0%         6-21      100%        5
 Conjure Ball Lightning   Conj/Air       0%         3x3d6     100%        6
 Simulacrum               Ice/Necr       0%         N/A       100%        6
 Orb of Destruction       Conj           0%         9d5       100%        7
 Spellforged Servitor     Conj/Summ      0%         N/A       100%        7
 Storm Form               Tmut/Air       0%         N/A       100%        7
 Discord                  Hex            0%         N/A       100%        8
 Disjunction              Tloc           0%         N/A       100%        8
 Polar Vortex             Ice            0%         N/A       100%        9


Dungeon Overview and Level Annotations

Branches:
Dungeon (5/15)             Temple (1/1) D:4           Sewer (visited)

Altars:
Ashenzari
Cheibriados
Dithmenos
Fedhas
Hepliaklqana
Kikubaaqudgha
Nemelex Xobeh
Okawaru
Sif Muna
Uskayaw
Wu Jian
Xom

Annotations:
D:5 Grinder


Innate Abilities, Weirdness & Mutations

You have a pair of small horns on your head.
You are partially covered in molten scales. (AC +2)
You are partially covered in sharp spines.


Message History

You block the ufetubus's attack. Grinder gestures at you.
You resist with significant effort.
You hit Grinder.
Grinder is severely wounded.
The ufetubus barely misses you. The ufetubus misses you.
Grinder is struck by your spines. Grinder hits you.
You writhe in agony.
You closely miss Grinder.
Grinder is severely wounded.
The ufetubus hits you but does no damage.
You block the ufetubus's attack. The ufetubus is struck by your spines.
The ufetubus closely misses you. x2; Grinder hits you.
You writhe in agony.
Unknown command.
You are too injured to fight recklessly!
You are too injured to fight recklessly!
Unknown command.
You are too injured to fight recklessly!
You hit Grinder.
Grinder is severely wounded.
The ufetubus barely misses you. You block the ufetubus's attack.
Grinder hits you.
You writhe in agony.
* * * LOW HITPOINT WARNING * * *
You barely miss Grinder. You headbutt Grinder.
Grinder is severely wounded.
The ufetubus barely misses you. The ufetubus closely misses you.
The ufetubus is struck by your spines.
You kill the ufetubus!
Grinder hits you.
* * * LOW HITPOINT WARNING * * *
You writhe in agony.
* * * LOW HITPOINT WARNING * * *
You are too injured to fight recklessly!
You barely miss Grinder.
Grinder is severely wounded.
Grinder gestures at you.
You suddenly lose the ability to move!
Grinder hits you.
* * * LOW HITPOINT WARNING * * *
You writhe in agony.
You die...

..# # #.# #.# #.#
#.# #.# #.# .#.#.#
#?# #.# ..#.# #.#
#.# .#.# #.# #.#
#..# #.# ##.#####
#.5# #.# ##.#.....
##.@####.###.###.###
#.....†.......#.##
....######...##...##
#.#. ............# #
#.###...##.#.#####
##.###.#.).... #.#
#.####.##
#.###.####.#
#..........#


You could see Grinder.

Vanquished Creatures
  A water moccasin (Sewer)
  A black bear (D:5)
  A hound (D:4)
  3 iguanas (D:4)
  An orc wizard (D:5)
  4 gnolls (D:2)
  4 adders
  An ufetubus (D:5)
  3 worms
  A dart slug (D:2)
  4 orcs
  5 endoplasms
  7 giant cockroaches
  7 goblins
  11 hobgoblins
  2 jackals (D:1)
  5 quokkas
  7 ball pythons
  3 bats
  5 frilled lizards
  7 kobolds
  11 rats
94 creatures vanquished.

Notes
Turn   | Place    | Note
-------+----------+-------------------------------------------
     0 | D:1      | Maxmaps the Demonspawn Monk began the quest for the Orb.
     0 | D:1      | Reached XP level 1. HP: 18/18 MP: 1/1
   170 | D:1      | Gained mutation: You are partially covered in sharp spines.
                  | [demonic ancestry]
   170 | D:1      | Reached XP level 2. HP: 24/24 MP: 2/2
   589 | D:2      | Gained mutation: You are partially covered in molten
                  | scales. (AC +2) [demonic ancestry]
   589 | D:2      | Reached XP level 3. HP: 22/29 MP: 3/3
   892 | D:2      | Reached skill level 4 in Fighting
   903 | D:2      | Reached XP level 4. HP: 20/38 MP: 4/4
  1070 | D:2      | Found a shadowy altar of Dithmenos.
  1647 | D:3      | Reached skill level 5 in Fighting
  1660 | D:3      | Found a glowing drain.
  1668 | Sewer    | Entered a sewer
  1696 | Sewer    | Noticed a water moccasin
  1713 | Sewer    | Killed a water moccasin
  1714 | Sewer    | Reached XP level 5. HP: 25/44 MP: 5/5
  2098 | D:3      | Found a hazy altar of Hepliaklqana.
  2099 | D:3      | Found a shimmering altar of Xom.
  2100 | D:3      | Noticed a spectral ugly thing
  2100 | D:3      | Noticed a hell beast
  2469 | D:3      | Found an ornate altar of the Wu Jian Council.
  2554 | D:4      | Gained mutation: You have a pair of small horns on your
                  | head. [demonic ancestry]
  2554 | D:4      | Reached XP level 6. HP: 44/51 MP: 6/6
  3231 | D:4      | Found a staircase to the Ecumenical Temple.
  3465 | Temple   | Entered the Ecumenical Temple
  3703 | D:5      | Entered Level 5 of the Dungeon
  3870 | D:5      | Reached skill level 1 in Armour
  3994 | D:5      | Noticed Grinder
  4004 | D:5      | Paralysed by Grinder for 5 turns
  4017 | D:5      | Paralysed by Grinder for 2 turns
  4018 | D:5      | Slain by Grinder

Illustrated notes

Levels and vault maps discovered:
D:1:      shiori_arrival_maze, layout_basic
D:2:      layout_basic, serial_forest, infiniplex_forest_corner_1,
          infiniplex_forest_end_2, infiniplex_forest_clump_cross,
          infiniplex_forest_lined_3, infiniplex_forest_clump_medium,
          infiniplex_forest_clump_diagonal, infiniplex_forest_lined_2,
          basic_altar, hangedman_abyss_or_decor_lesser_grid, nrook_mini_vaults,
          serial_bayou_crossing
D:3:      layout_rooms, regret_index_temple_of_mockery,
          nicolae_wu_jian_immortal_techniques, gup_sewer_entry_bubbles,
          minmay_crystal_room, st_stairs_10, minmay_quantized
D:4:      layout_gridville, minmay_temple_entry_glassed_door
D:5:      layout_loops_ring, uniq_grinder
Temple:   dpeg_chambers_temple

Skill      XL: |  1  2  3  4  5  6 |
---------------+-------------------+-----
Unarmed Combat | 3 |  3.3
Fighting       | 4 5 |  5.0
Shields        | 2 3 4 |  4.1
Armour         | 2 |  2.6
Dodging        | |  2.6
Stealth        | |  1.7

Action                     |  1- 3 |  4- 6 || total
---------------------------+-------+-------++-------
  Melee: Unarmed           |    87 |   197 ||   284
         Punch             |     6 |       ||     6
         Headbutt          |       |    16 ||    16
    Use: Potion            |       |     1 ||     1
         Scroll            |       |     6 ||     6
   Stab: Sleeping          |     5 |     1 ||     6
         Distracted        |       |     1 ||     1
 Armour: Robe              |    12 |    31 ||    43
         Scale mail        |       |    29 ||    29
  Dodge: Dodged            |    40 |    77 ||   117
  Block: Buckler           |       |    35 ||    35

Table legend: (Time is in decaauts)
 A = Elapsed time spent in this place.
 B = Non-inter-level travel time spent in this place.
 C = Inter-level travel time spent in this place.
 D = Time resting spent in this place.
 E = Time spent auto-exploring this place.
 F = Levels seen in this place.
 G = Mean time per level.
                   A        B        C        D        E       F      G
               +--------+--------+--------+--------+--------+-----+--------+
         Total |   4035 |   3905 |    130 |    486 |   2572 |   7 |  576.4 |
       Dungeon |   3515 |   3399 |    116 |    301 |   2296 |   5 |  703.0 |
        Temple |    205 |    192 |     13 |      0 |    184 |   1 |  205.0 |
         Sewer |    313 |    313 |      0 |    185 |     92 |   1 |  313.0 |
               +--------+--------+--------+--------+--------+-----+--------+

Top non-repeatable levels by time:
     D:4: 1005 daAuts
     D:2: 915 daAuts
     D:3: 728 daAuts
     D:1: 551 daAuts
   Sewer: 313 daAuts
     D:5: 313 daAuts
  Temple: 205 daAuts
